 Dungeon Crawl Stone Soup version 0.31-a0-145-g046c7d2549 (webtiles) character file.

Game seed: 9443745782183271064

156 KristoblXynda the Ducker (level 5, 0/28 HPs)
             Began as a Spriggan Berserker on June 6, 2023.
             Was a Believer of Trog.
             Splashed by a jelly's acid (5 damage)
             ... on level 4 of the Dungeon.
             The game lasted 00:02:54 (2704 turns).

KristoblXynda the Ducker (Spriggan Berserker)       Turns: 2704, Time: 00:02:55

Health: 0/28       AC:  2    Str: 15    XL:     5   Next: 15%
Magic:  6/6        EV: 19    Int:  9    God:    Trog [**....]
Gold:   176        SH:  0    Dex: 14    Spells: 4/4 levels left

rFire   . . .        q - +0 dagger (speed)
rCold   . . .        (no shield)
rNeg    . . .        b - +0 animal skin
rPois   .            (helmet restricted)
rElec   .            (no cloak)
rCorr   .            (gloves unavailable)
SInv    +            (boots unavailable)
Will    .....        (no amulet)
Stlth   ++           (no ring)
HPRegen 0.24/turn    (no ring)
MPRegen 0.10/turn

%: no passive effects
@: very quick
A: very small, no large weapons, unfitting armour, see invisible, speed 3
a: Renounce Religion, Berserk, Trog's Hand


You were on level 4 of the Dungeon.
You worshipped Trog.
Trog was pleased with you.
You visited 1 branch of the dungeon, and saw 4 of its levels.

You collected 176 gold pieces.

Inventory:

Hand Weapons
 q - a +0 dagger of speed (weapon)
Armour
 b - a +0 animal skin (worn)
Wands
 j - a wand of digging (1)
 t - a wand of light (7)
Scrolls
 a - 3 scrolls of identify {unknown}
 c - a scroll of acquirement {unknown}
 d - a scroll of immolation {unknown}
 e - 5 scrolls of teleportation
 f - a scroll of fog {unknown}
 h - a scroll of noise {unknown}
 k - 2 scrolls of butterflies {unknown}
 m - a scroll of silence {unknown}
 n - a scroll of magic mapping {unknown}
 o - a scroll of enchant armour {unknown}
 p - a scroll of enchant weapon {unknown}
 r - a scroll of fear {unknown}
Potions
 g - a potion of ambrosia {unknown}
 i - a potion of brilliance {unknown}
 l - a potion of might {unknown}
 s - a potion of degeneration {unknown}


   Skills:
 + Level 3.2 Fighting
 + Level 4.2 Short Blades
 + Level 5.2 Dodging
 + Level 3.6 Stealth


You had 4 spell levels left.
You didn't know any spells.
Your spell library contained the following spells:

 Spells                   Type           Power      Damage    Failure   Level
 Ignite Poison            Fire/Tmut/Pois 0%         N/A       77%         3
 Sticky Flame             Conj/Fire      0%         2d3       99%         4
 Ignition                 Fire           0%         3d3       100%        8


Dungeon Overview and Level Annotations

Branches:
Dungeon (3/15)

Altars:

Shops:
D:1 (

Annotations:
D:3 1 runed translucent door, Kenran's ghost, amateur HuBe


Innate Abilities, Weirdness & Mutations

You are very small and have problems with some larger weapons.
You are too small for most types of armour.
You have supernaturally acute eyesight. (SInv)
You cover ground extremely quickly. (Speed+++)


Message History

The adder is moderately wounded.
You closely miss the adder.
The adder is moderately wounded.
The adder misses you.
You hit the adder but do no damage.
The adder is moderately wounded.
The adder barely misses you.
You barely miss the adder.
The adder is moderately wounded.
You miss the adder.
The adder is moderately wounded.
The adder closely misses you.
You hit the adder but do no damage.
The adder is moderately wounded.
The adder bites you.
You hit the adder.
The adder is heavily wounded.
You hit the adder.
The adder is heavily wounded.
The adder completely misses you.
You hit the adder.
The adder is severely wounded.
The adder bites you.
You hit the adder.
The adder is almost dead.
You hit the adder.
You kill the adder!
Trog accepts your kill. The jelly barely misses you.
A jelly is nearby!
You hit the jelly.
Your hands burn!
The jelly is lightly wounded.
You hit the jelly.
Your hands burn!
The jelly is moderately wounded.
The jelly hits you.
You are splashed with acid!
You hit the jelly.
Your hands burn!
* * * LOW HITPOINT WARNING * * *
The jelly is heavily wounded.
You hit the jelly.
Your hands burn!
You die...

#..... . .....
..###...#
........#
........#
........#
).....J.###
......†@..#
#.......#.#
#.......#.####
#.......#....#
#)......####.#
######### ..
.# .# #


You could see a jelly.

Vanquished Creatures
  An iguana (D:3)
  An orc wizard (D:3)
  A sleepcap (D:3)
  2 adders
  2 worms (D:2)
  A dart slug (D:1)
  2 orcs (D:3)
  3 ball pythons (D:1)
  3 bats
  9 endoplasms
  A giant cockroach (D:1)
  7 goblins
  3 hobgoblins
  2 jackals (D:3)
  2 quokkas
  2 frilled lizards
  3 kobolds
  9 rats
54 creatures vanquished.

Notes
Turn   | Place    | Note
-------+----------+-------------------------------------------
     0 | D:1      | KristoblXynda the Spriggan Berserker began the quest for
                  | the Orb.
     0 | D:1      | Reached XP level 1. HP: 11/11 MP: 2/2
   200 | D:1      | Reached skill level 1 in Stealth
   236 | D:1      | Reached XP level 2. HP: 16/16 MP: 3/3
   664 | D:1      | Found Futo's Weapon Emporium.
  1113 | D:2      | Found a faded altar of an unknown god.
  1197 | D:2      | Reached XP level 3. HP: 16/19 MP: 4/4
  1447 | D:2      | Reached ** piety under Trog
  2077 | D:3      | Found a runed translucent door.
  2077 | D:3      | Noticed Kenran's ghost (amateur HuBe)
  2111 | D:3      | Reached XP level 4. HP: 23/24 MP: 5/5
  2242 | D:3      | Reached skill level 5 in Dodging
  2352 | D:3      | Reached XP level 5. HP: 26/28 MP: 6/6
  2681 | D:3      | You fall into a shaft and drop 1 floor!
  2704 | D:4      | Splashed by a jelly's acid

Illustrated notes

Levels and vault maps discovered:
D:1:      saegor_arrival_simple_c, layout_basic, serial_shops, shop,
          patterned_corridor
D:2:      layout_loops_corners, ebering_ecumenical_altar_hall
D:3:      layout_basic, hellmonk_ghost_happy_afterlife
D:4:      layout_basic, hangedman_decor_growths

Skill      XL: |  1  2  3  4 |
---------------+-------------+-----
Stealth        | 1 2 3 |  3.6
Fighting       | 3 |  3.2
Short Blades   | 4 |  4.2
Dodging        | 5 |  5.2

Action                     |  1- 3 |  4- 6 || total
---------------------------+-------+-------++-------
  Melee: Short sword       |   141 |       ||   141
         Punch             |     1 |     1 ||     2
         Dagger            |    20 |    59 ||    79
 Invoke: Berserk           |     2 |     2 ||     4
    Use: Scroll            |       |     1 ||     1
   Stab: Sleeping          |     6 |       ||     6
 Armour: Animal skin       |    10 |     2 ||    12
  Dodge: Dodged            |    89 |    17 ||   106

Table legend: (Time is in decaauts)
 A = Elapsed time spent in this place.
 B = Non-inter-level travel time spent in this place.
 C = Inter-level travel time spent in this place.
 D = Time resting spent in this place.
 E = Time spent auto-exploring this place.
 F = Levels seen in this place.
 G = Mean time per level.
                   A        B        C        D        E       F      G
               +--------+--------+--------+--------+--------+-----+--------+
         Total |   1858 |   1844 |     14 |    178 |   1321 |   4 |  464.5 |
       Dungeon |   1858 |   1844 |     14 |    178 |   1321 |   4 |  464.5 |
               +--------+--------+--------+--------+--------+-----+--------+

Top non-repeatable levels by time:
     D:1: 669 daAuts
     D:2: 652 daAuts
     D:3: 524 daAuts
     D:4: 12 daAuts
